 Dungeon Crawl Stone Soup version 0.28.0-56-g4927b6849a (webtiles) character file.

Game seed: 1562891309139382931

16471 cbfl8 the Severer (level 12, -4/112 HPs)
             Began as a Minotaur Berserker on Jan 26, 2023.
             Was an Elder of Trog.
             Slain by an anaconda simulacrum (6 damage)
             ... in an ice cave.
             The game lasted 00:17:51 (16552 turns).

cbfl8 the Severer (Minotaur Berserker)             Turns: 16552, Time: 00:17:51

Health: -4/112     AC: 18    Str: 23    XL:     12   Next: 10%
Magic:  11/11      EV: 13    Int:  4    God:    Trog [****..]
Gold:   503        SH:  0    Dex: 26    Spells: 11/11 levels left

rFire   . . .      SeeInvis .   v - +0 war axe
rCold   + . .      Faith    .   (no shield)
rNeg    . . .      Spirit   .   c - +2 chain mail {rC+}
rPois   .          Reflect  .   (helmet restricted)
rElec   .          Harm     .   o - +0 cloak
rCorr   .          Rampage  .   n - +0 pair of gloves
Will    .....                   F - +0 pair of boots
Stlth   ..........              (no amulet)
HPRegen 0.28/turn               i - +6 ring of dexterity
MPRegen 0.12/turn               s - +6 ring of dexterity

@: on berserk cooldown, slowed, very slow
A: horns 2, retaliatory headbutt
a: Renounce Religion, Berserk, Trog's Hand, Brothers in Arms


You were in an ice cave.
You worshipped Trog.
Trog was greatly pleased with you.
You visited 1 branch of the dungeon, and saw 13 of its levels.
You also visited: Ice Cave.

You collected 529 gold pieces.
You spent 26 gold pieces at shops.

Inventory:

Hand Weapons
 v - a +0 war axe (weapon)
 D - a +0 battleaxe
Armour
 c - a +2 chain mail of cold resistance (worn)
 n - a +0 pair of gloves (worn)
 o - a +0 cloak (worn)
 F - a +0 pair of boots (worn)
Jewellery
 i - a +6 ring of dexterity (left hand)
 m - a ring of resist corrosion
 s - a +6 ring of dexterity (right hand)
 w - a ring of poison resistance
 B - a +6 ring of strength
 H - a ring of positive energy
Wands
 a - a wand of digging (6)
 b - a wand of acid (10)
 d - a wand of flame (32)
 y - a wand of mindburst (17) (quivered)
 A - a wand of iceblast (12)
 K - a wand of charming (4)
Scrolls
 g - 8 scrolls of teleportation
 j - a scroll of silence
 p - 4 scrolls of magic mapping
 q - 2 scrolls of enchant armour
 u - a scroll of brand weapon
 x - 3 scrolls of fear
 J - a scroll of fog
Potions
 f - 4 potions of mutation
 k - 4 potions of curing
 l - 3 potions of attraction
 t - 2 potions of ambrosia
 z - 2 potions of brilliance {unknown}
 C - 3 potions of lignification {unknown}
 E - a potion of haste {unknown}
 G - a potion of flight {unknown}
 I - 2 potions of might {unknown}


   Skills:
 * Level 11.8 Fighting
 * Level 15.6 Axes
 + Level 11.4 Armour
 * Level 5.8 Dodging
 + Level 1.8 Stealth
 * Level 4.2 Evocations


You had 11 spell levels left.
You didn't know any spells.
Your spell library was empty.

Dungeon Overview and Level Annotations

Branches:
Dungeon (13/15)            Temple (0/1) D:4            Lair (0/6) D:9
    Orc (0/2) D:9           IceCv (1/1)
 Vaults: D:13-14

Altars:
Dithmenos
Hepliaklqana
Okawaru
Xom
The Shining One

Shops:
D:2 [   D:5 *   D:6 !   D:7 [   D:11 [

Annotations:
D:9 1 runed translucent door, Fractals's ghost, novice HOBe


Innate Abilities, Weirdness & Mutations

You have a pair of horns on your head.
You reflexively headbutt those who attack you in melee.


Message History

The harpy simulacrum closely misses you.
The harpy simulacrum claws you but does no damage.
The anaconda simulacrum closely misses you.
The harpy simulacrum closely misses you.
The harpy simulacrum misses you. The white ugly thing stings you.
The white ugly thing freezes you! You resist.
The anaconda simulacrum barely misses you.
You furiously retaliate!
You headbutt the anaconda simulacrum!
The harpy simulacrum closely misses you.
You furiously retaliate!
You headbutt the harpy simulacrum!
The harpy simulacrum vaporises!
Trog accepts your kill.
You feel much better.
You flicker for a moment.
The anaconda simulacrum bites you but does no damage.
The white ugly thing stings you. The white ugly thing freezes you! You resist.
The anaconda simulacrum closely misses you.
Really quaff the potion of mutation?
Okay, then.
As you read the scroll of fear, it crumbles to dust.
You assume a fearsome visage.
The white ugly thing looks frightened!
The anaconda simulacrum is unaffected.
The anaconda simulacrum bites you! The anaconda simulacrum freezes you!
You resist.
* * * LOW HITPOINT WARNING * * *
The anaconda simulacrum bites you!
* * * LOW HITPOINT WARNING * * *
The anaconda simulacrum freezes you! You resist.
* * * LOW HITPOINT WARNING * * *
The anaconda simulacrum bites you but does no damage.
The anaconda simulacrum barely misses you.
The anaconda simulacrum bites you but does no damage.
As you read the scroll of summoning, it crumbles to dust.
Wisps of shadow whirl around you...
You flicker back into view.
The anaconda simulacrum barely misses you.
You furiously retaliate!
You headbutt the anaconda simulacrum. The anaconda simulacrum bites you.
* * * LOW HITPOINT WARNING * * *
The anaconda simulacrum freezes you. You resist.
You die...

### ############# ##### ..##
##....[#u....## #..$()
...###......#......###.....?
....#.......#.......#.......
.∩..............Z.Z........|
....#.......#...@...#.......
...###.....[#..Z..Z###.....$
..## ##.....#..Z..## #..$)[
### ############# #####


You could see a white ugly thing, an anaconda simulacrum (ally target), a
friendly anaconda simulacrum (summoned), a friendly death yak simulacrum
(summoned) and 2 friendly elephant simulacra.

Vanquished Creatures
  Snorg (D:10)
  Fannar (D:10)
  2 boulder beetles (D:12)
  A hydra (D:11)
  A skeletal warrior (D:12)
  A cyclops (D:12)
  2 ugly things
  3 ice statues (IceCv)
  2 unseen horrors
  2 rime drakes (D:13)
  2 kobold demonologists (D:12)
  A troll (D:12)
  Prince Ribbit (D:6)
  4 shadows
  Eustachio (D:4)
  A wraith (D:11)
  16 yaks
  A steam dragon (D:4)
  3 vampire mosquitoes (D:11)
  A warg (D:9)
  An acid dragon (D:12)
  A harpy simulacrum (IceCv)
  A water moccasin (D:7)
  Duvessa (D:6)
  9 orc warriors
  3 necrophages
  5 ogres
  2 centaurs
  2 phantoms (D:6)
  4 kobold brigands
  A gnoll sergeant (D:10)
  A scorpion (D:7)
  A cane toad simulacrum (IceCv)
  A water moccasin zombie (D:5)
  Dowan (D:6)
  10 killer bees
  An electric eel (D:10)
  10 howler monkeys
  A bullfrog zombie (D:5)
  2 centaur zombies
  2 bullfrog skeletons (D:6)
  2 hounds
  2 jellies
  7 orc priests
  A gnoll shaman (D:8)
  Crazy Yiuf (D:6)
  3 iguanas
  Natasha (thrice) (D:2)
  11 orc wizards
  4 polar bear simulacra (IceCv)
  2 hound skeletons (D:4)
  Robin (D:2)
  17 gnolls
  4 adders
  A howler monkey skeleton (D:7)
  A shadow imp (D:5)
  3 white imps (D:7)
  An adder skeleton (D:5)
  A worm (D:2)
  A dart slug (D:2)
  27 orcs
  6 ball pythons
  12 endoplasms
  2 giant cockroaches (D:4)
  6 hobgoblins
  4 quokkas
  3 frilled lizards
  16 goblins
  22 kobolds
  7 rats
278 creatures vanquished.

Vanquished Creatures (others)
  15 plants (D:10)
15 creatures vanquished.

Grand Total: 293 creatures vanquished

Notes
Turn   | Place    | Note
-------+----------+-------------------------------------------
     0 | D:1      | cbfl8 the Minotaur Berserker began the quest for the Orb.
     0 | D:1      | Reached XP level 1. HP: 19/19 MP: 0/0
    46 | D:1      | Found a faded altar of an unknown god.
   151 | D:1      | Reached XP level 2. HP: 27/27 MP: 1/1
   202 | D:1      | Reached skill level 4 in Axes
   729 | D:2      | Reached XP level 3. HP: 22/34 MP: 2/2
   996 | D:2      | Found Duazufoc's Antique Armour Boutique.
  1014 | D:2      | Noticed Natasha
  1018 | D:2      | Killed Natasha
  1018 | D:2      | Reached ** piety under Trog
  1019 | D:2      | Reached XP level 4. HP: 39/41 MP: 3/3
  1404 | D:2      | Noticed Robin
  1415 | D:2      | Reached skill level 5 in Axes
  1417 | D:2      | Killed Robin
  1418 | D:2      | Reached skill level 1 in Stealth
  1432 | D:2      | Noticed Natasha
  1547 | D:2      | Killed Natasha
  1548 | D:2      | Reached XP level 5. HP: 43/47 MP: 4/4
  1677 | D:2      | Noticed Natasha
  1683 | D:2      | Killed Natasha
  2448 | D:3      | Found an iron altar of Okawaru.
  2809 | D:4      | Found a staircase to the Ecumenical Temple.
  2832 | D:4      | Noticed an ogre
  2833 | D:4      | Noticed Eustachio
  2833 | D:4      | Noticed a steam dragon
  2845 | D:4      | Killed an ogre
  2845 | D:4      | Killed a steam dragon
  2846 | D:4      | Reached skill level 5 in Fighting
  2846 | D:4      | Reached skill level 6 in Axes
  2846 | D:4      | Reached XP level 6. HP: 29/56 MP: 5/5
  3129 | D:4      | Killed Eustachio
  3130 | D:4      | Reached skill level 7 in Axes
  3130 | D:4      | Reached XP level 7. HP: 61/61 MP: 6/6
  3793 | D:4      | Reached skill level 8 in Axes
  3833 | D:5      | Entered Level 5 of the Dungeon
  3883 | D:5      | Reached skill level 5 in Armour
  4219 | D:5      | Reached XP level 8. HP: 68/69 MP: 7/7
  4446 | D:5      | Reached skill level 9 in Axes
  5094 | D:5      | Found Muxziynu's General Store.
  5108 | D:5      | Bought a scroll of identify for 26 gold pieces
  5363 | D:6      | Reached *** piety under Trog
  5660 | D:6      | Noticed Dowan
  5685 | D:6      | Killed Dowan
  5810 | D:6      | Found a runed translucent door.
  5811 | D:6      | Noticed Crazy Yiuf
  5852 | D:6      | Found Cawaesh's Distillery.
  5882 | D:6      | Noticed Duvessa
  5888 | D:6      | Killed Duvessa
  5954 | D:6      | Noticed Prince Ribbit
  5962 | D:6      | Killed Prince Ribbit
  5963 | D:6      | Reached skill level 10 in Axes
  5963 | D:6      | Reached XP level 9. HP: 66/79 MP: 8/8
  6252 | D:6      | Killed Crazy Yiuf
  7050 | D:7      | Reached skill level 11 in Axes
  7180 | D:7      | Found Febiem's Armour Emporium.
  7777 | D:8      | Found a shadowy altar of Dithmenos.
  8145 | D:8      | Reached **** piety under Trog
  8357 | D:9      | Reached skill level 12 in Axes
  8371 | D:9      | Reached XP level 10. HP: 25/90 MP: 9/9
  8741 | D:9      | Noticed a white ugly thing
  8752 | D:9      | Killed a white ugly thing
  9406 | D:9      | Found a runed translucent door.
  9407 | D:9      | Found a shimmering altar of Xom.
  9407 | D:9      | Noticed Fractals's ghost (novice HOBe)
  9407 | D:9      | Noticed a +1 quarterstaff of chaos
  9449 | D:9      | Found a staircase to the Orcish Mines.
  9482 | D:9      | Reached skill level 10 in Armour
  9836 | D:9      | Found a staircase to the Lair.
 10080 | D:10     | Entered Level 10 of the Dungeon
 10446 | D:10     | Reached skill level 13 in Axes
 10455 | D:10     | Reached skill level 10 in Fighting
 10677 | D:10     | Noticed Snorg
 11212 | D:10     | Killed Snorg
 11213 | D:10     | Reached skill level 1 in Evocations
 11323 | D:10     | Found a glowing golden altar of the Shining One.
 11369 | D:10     | Noticed Fannar
 11377 | D:10     | Killed Fannar
 11733 | D:10     | Reached XP level 11. HP: 46/101 MP: 10/10
 12162 | D:10     | Found a faded altar of an unknown god.
 12162 | D:10     | Found a faded altar of an unknown god.
 12164 | D:10     | Found a hazy altar of Hepliaklqana.
 12439 | D:11     | Found Nyloi's Armour Shop.
 12479 | D:11     | Noticed a seven-headed hydra
 12487 | D:11     | Killed a 12-headed hydra
 13241 | D:11     | Reached skill level 14 in Axes
 13674 | D:12     | Reached skill level 5 in Dodging
 14284 | D:12     | Noticed a boulder beetle
 14300 | D:12     | Killed a boulder beetle
 14520 | D:12     | Reached skill level 15 in Axes
 14673 | D:12     | Noticed a skeletal warrior
 14675 | D:12     | Noticed a skeletal warrior
 14676 | D:12     | Noticed a skeletal warrior
 14684 | D:12     | Killed a skeletal warrior
 14686 | D:12     | Noticed a skeletal warrior
 15196 | D:12     | Noticed a boulder beetle
 15215 | D:12     | Killed a boulder beetle
 15755 | D:13     | Found a frozen archway.
 15854 | IceCv    | Entered an ice cave
 16019 | IceCv    | Noticed a white ugly thing
 16034 | IceCv    | Killed a white ugly thing
 16035 | IceCv    | Reached XP level 12. HP: 111/111 MP: 11/11
 16117 | IceCv    | HP: 4/111 [ice statue/bolt of cold (10)]
 16549 | IceCv    | HP: 1/112 [anaconda simulacrum (9)]
 16552 | IceCv    | Slain by an anaconda simulacrum

Illustrated notes

Levels and vault maps discovered:
D:1:      scummos_arrival_checkerplants, layout_rooms,
          hellmonk_ecumenical_altar_blasted
D:2:      layout_loops_ring, serial_shops, nicolae_shop_behind_doors,
          uniq_natasha, uniq_robin
D:3:      layout_basic, mainiacjoe_overflow_chevrons
D:4:      layout_basic, minmay_temple_entry_wispy, uniq_eustachio
D:5:      layout_gridville, serial_shops, nicolae_lakefront_shop,
          chequers_serial_rivers_micro_e
D:6:      layout_rooms, serial_shops, nicolae_shop_stone, uniq_prince_ribbit1,
          uniq_crazy_yiuf_cottage, uniq_duvessa
D:7:      layout_loops_corners, serial_shops, nicolae_shop_advertising_works
          [nicolae_subvault_shop_adworks]
D:8:      layout_basic, mainiacjoe_overflow_24_doors, minmay_misc_feat_encased,
          eino_small_chamber_without_monster
D:9:      layout_small_grid, lair_entry_dummy, david_orc_1_choice,
          ebering_ghost_xom
D:10:     layout_loops_ring, nicolae_hepliaklqana_ecumenical_no_more,
          tso_metal_star, serial_bayou_lagoon_a, uniq_fannar, uniq_snorg
D:11:     layout_long_grid, serial_shops, nicolae_stop_n_shop_2
D:12:     layout_basic
D:13:     giant_chief_lemuel, layout_loops_ring, portal_ice_cave_rime
IceCv:    ice_cave_statue_garden_chambered

Skill      XL: |  1  2  3  4  5  6  7  8  9 10 11 12 |
---------------+-------------------------------------+-----
Axes           | 4 5 6 7 8 10 12 13 15 | 15.6
Fighting       | 4 5 7 8 10 11 | 11.8
Stealth        | 1 |  1.8
Armour         | 3 4 5 8 9 10 11 | 11.4
Dodging        | 3 4 5 |  5.8
Evocations     | 1 3 4 |  4.2

Action                   |  1- 3 |  4- 6 |  7- 9 | 10-12 || total
-------------------------+-------+-------+-------+-------++-------
Melee: Hand axe          |    35 |    98 |   106 |       ||   239
       Headbutt          |     6 |    19 |    56 |   106 ||   187
       Punch             |       |       |     2 |     5 ||     7
       War axe           |       |       |   163 |   336 ||   499
Invok: Berserk           |     1 |     3 |     7 |    16 ||    27
       Trog's Hand       |       |     2 |       |       ||     2
Evoke: Wand              |       |       |       |     3 ||     3
  Use: Scroll            |       |     2 |     9 |    13 ||    24
       Potion            |       |       |       |     3 ||     3
 Stab: Sleeping          |     1 |     1 |       |       ||     2
       Invisible         |       |       |       |     8 ||     8
Armor: Animal skin       |     3 |       |       |       ||     3
       Ring mail         |       |     5 |       |       ||     5
       Plate armour      |       |    41 |    62 |       ||   103
       Chain mail        |       |       |    76 |   159 ||   235
Dodge: Dodged            |    24 |    46 |   127 |   150 ||   347
